Celery, chaotic female sylph Rogue ------- --- |.....| ---.-- --.E..| --....| %GG..-----....-- --.-..--.......| |.............-- ---...........^-- |.......---...| ---....-- |...| |..)<-- |...-- |.....----...| --.....|--..-- --...--|...-- -------....| |.....-- --.....| --*.^-- ----- Celery the Cutpurse Experience level: 4 Strength: 16 Dexterity: 18 Constitution: 11 Intelligence: 12 Wisdom: 11 Charisma: 7 Health: 0(29) Energy: 21(21) Def: 1 Gold: 82 Moves: 1306 Dungeon seed: sYmuAu7CxnOvEp-d Game ID: Celery_1470249469 Your Inventory: Coins $ - 82 gold pieces Weapons b - an uncursed +0 dagger named Jerry (weapon in hand) k - 7 uncursed +0 daggers (in quiver) D - an uncursed corroded +0 dagger Armor n - an uncursed +1 dwarvish cloak (being worn) Comestibles q - an uncursed food ration s - an uncursed cram ration u - 2 uncursed lichen corpses B - an uncursed slime mold Scrolls m - an uncursed scroll of confuse monster y - a blessed scroll of confuse monster Spellbooks z - an uncursed spellbook of haste self Potions c - an uncursed potion of sickness i - 2 uncursed potions of gain energy j - an uncursed potion of healing t - an uncursed potion of blindness Rings p - an uncursed ring of free action Wands h - an uncursed wand of opening (0:3) v - an uncursed wand of enlightenment (0:11) A - an uncursed wand of speed monster (0:3) Tools d - an uncursed sack f - an uncursed lock pick g - an uncursed blindfold x - an uncursed stethoscope F - an uncursed tallow candle (0:200) H - a blessed tallow candle (0:200) Gems e - an uncursed worthless piece of green glass r - an uncursed amber stone Spells and supernatural/magical abilities: Name Level Category Fail Memory W - pray for help -- divine ? -- Your skills at the end: Miscellaneous Skills wands [Basic] Weapon Skills dagger [Basic] short sword [Basic] Spellcasting Skills healing spells [Basic] Final Attributes: You were piously aligned. You saw invisible. You were stealthy. You were protected from shape changers. You were fast. You are dead. Vanquished creatures: a gnomish wizard 2 dwarves a hobbit 2 acid blobs a gecko a giant rat a green mold 4 gnomes 2 jackals 2 foxes 7 newts a goblin 3 sewer rats 5 grid bugs a bat 4 lichens 38 creatures vanquished. Voluntary challenges: You followed a strict vegan diet. You used a wielded weapon 41 times, starting on turn 15. You did not apply a unicorn horn. You read items or engraved 4 times, starting on turn 658. You never genocided any monsters. You never polymorphed an object. You never changed form. You used no wishes. You never split a pudding. You never wrote Elbereth's name. You never violated your personal moral code. Dungeon overview: The Dungeons of Doom: levels 1 to 3 Level 1 a fountain a long staircase Level 2 Level 3 a fountain stairs to The Gnomish Mines The Gnomish Mines: Level 4 <- You were here stairs to The Dungeons of Doom History has recorded: On T:1 you entered the Dungeons of Doom to retrieve the Amulet of Yendor! On T:430 you reached level 2 of The Dungeons of Doom. On T:765 you advanced to experience level 2. On T:829 you reached level 3 of The Dungeons of Doom. On T:889 you advanced to experience level 3. On T:1191 you reached level 1 of The Gnomish Mines. On T:1258 you advanced to experience level 4. Score breakdown: Gold: 82 ( 8 points) Experience: 4 levels ( 300 points) Exploration: 4 levels ( 90 points) Discoveries: 5 items ( 250 points) Variety of kills: 16 monsters ( 800 points) Major goal: (nothing yet) ( 0 points) Survival: died (score multiplied by 3) Total score: 4344 Latest messages: You finish eating the orange. H - a candle. You stop exploring. The gnome punches you! You stab the gnome. The hobbit wields a runed dagger! You kill the gnome! You stab the hobbit. You hear some noises. The hobbit thrusts her runed dagger. The hobbit stabs you! You stab the gnome. You kill the gnome! You kill the hobbit! The gnome lord punches you! The dwarf swings her pick-axe. The dwarf hits you! You see here a runed dagger. The gnome lord punches you! You stab the gnome lord. (2x) The gnome lord picks up a bow. The gnome lord wields a dagger! You stab the gnome lord. The gnome lord punches you! You die... Final status: Goodbye Celery the Rogue, killed by a gnome lord... You died in The Gnomish Mines on dungeon level 4 with 4344 points, and 82 pieces of gold, after 1306 moves. You were level 4 with a maximum of 29 hit points when you died.